 Dungeon Crawl Stone Soup version 0.31.0-10-gcf4a605ca0 (webtiles) character file.

Game seed: 10538422884127365552

47 Curundu the Trooper (level 3, -1/34 HPs)
             Began as a Minotaur Berserker on Jan 25, 2024.
             Was a Believer of Trog.
             Slain by Terence
             ... wielding a +0 hand axe
              (9 damage)
             ... on level 2 of the Dungeon.
             The game lasted 00:04:26 (1643 turns).

Curundu the Trooper (Minotaur Berserker)            Turns: 1643, Time: 00:04:26

Health: -1/34      AC:  0    Str: 23    XL:     3   Next: 48%
Magic:  2/2        EV: 14    Int:  4    God:    Trog [**....]
Gold:   168        SH:  0    Dex:  9    Spells: 2/2 levels left

rFire   . . .        c - melded +1 war axe (flame)
rCold   . . .        i - melded +0 kite shield
rNeg    . . .        b - melded +0 animal skin
rPois   .            (helmet currently unavailable)
rElec   .            (cloak currently unavailable)
rCorr   .            (gloves currently unavailable)
SInv    .            (boots currently unavailable)
Will    .....        (no amulet)
Stlth   +            (ring currently unavailable)
HPRegen 0.25/turn    (ring currently unavailable)
MPRegen 0.08/turn

%: no passive effects
@: pig-form (expiring), very quick
A: fast, no casting, small, (horns 2), (retaliatory headbutt)
a: Renounce Religion, Berserk, Trog's Hand


You were on level 2 of the Dungeon.
You worshipped Trog.
Trog was pleased with you.
You were a filthy swine.
You visited 1 branch of the dungeon, and saw 2 of its levels.

You collected 168 gold pieces.

Inventory:

Hand Weapons
 c - a +1 war axe of flaming (melded)
Armour
 b - a +0 animal skin (melded)
 i - a +0 kite shield (melded)
Jewellery
 f - an amulet of faith
Scrolls
 a - 2 scrolls of identify
 d - a scroll of torment {unknown}
Potions
 e - 4 potions of curing
 g - a potion of haste {unknown}
 h - a potion of degeneration {unknown}


   Skills:
 + Level 4.5 Fighting
 + Level 4.2 Axes
 + Level 2.7 Armour
 + Level 2.7 Dodging


You had 2 spell levels left.
You didn't know any spells.
Your spell library was empty.

Dungeon Overview and Level Annotations

Branches:
Dungeon (2/15)

Altars:

Annotations:
D:2 Terence


Innate Abilities, Weirdness & Mutations

You are a filthy swine.
You move quickly.
Your equipment is almost entirely melded.
You are incapable of wielding weapons or throwing items.
You cannot cast spells.
((You have a pair of horns on your head.))
((You reflexively headbutt those who attack you in melee.))


Message History

h - an inky potion You open the door.
Found 8 stones.
You see here 8 stones.
Terence the Incautious comes into view.
He is wielding a +0 hand axe and carrying a wand of polymorph.
Terence says, "Did you write a will?
You should..."
Terence looks scornfully at you.
Terence zaps a wand.
You turn into a filthy swine.
Your +1 war axe of flaming melds into your body.
Your +0 kite shield melds into your body.
Your +0 animal skin melds into your body.
Your +1 war axe of flaming stops flaming.
Terence is nearby!
Terence is nearby!
Terence closely misses you. Terence closely misses you.
Terence barely misses you. Terence hits you with a +0 hand axe!
Terence hits you with a +0 hand axe. Terence barely misses you.
Terence barely misses you. Terence barely misses you.
Terence hits you with a +0 hand axe. Terence closely misses you.
Terence closely misses you. Terence barely misses you.
Your transformation is almost over.
Terence closely misses you.
Terence shouts, "Get ready for death!"
Terence hits you with a +0 hand axe. Terence hits you with a +0 hand axe!
Terence hits you with a +0 hand axe. Terence hits you with a +0 hand axe!
* * * LOW HITPOINT WARNING * * *
Terence misses you. Terence barely misses you. Terence closely misses you.
Terence hits you with a +0 hand axe!
You die...
Terence says, "That felt goooood."

..........#........#.....#...##
######.#..#.##....#.#....###..#
....##.#..#.#....#.#.#....###.#
###.##.#..#.....#.#.#.#....##.#
.##.##.#..#....#.#.#.#.#....#.##
.#.###.#......#.#.#.#.#.#......#
....##.##....#.#.#.#.#.#.#.....#
.#.###......#.#.#.#.#.#.#.#†...#
....#####..#.#.#h#.#.#.#.#.#..##
.#.## #...#.#.#@#.#.#.#.#...#
....# #....#.#.#.#.#.#.#....#
.#.### ##....#.#.#.#.#.#....##
...†.# ##....#.#.#.#.#....##
.#.#.# ##....#.#.#.#....##
####.##### ##....#.#.#....# #
#.....### #....#.#... #
#####...###.....#


You could see Terence.

Vanquished Creatures
  A ribbon worm (D:2)
  A dart slug (D:2)
  6 bats
  3 endoplasms
  A giant cockroach (D:2)
  6 goblins
  3 hobgoblins
  2 jackals (D:1)
  3 kobolds
  4 quokkas
  2 ball pythons (D:2)
  2 frilled lizards (D:1)
  3 rats
37 creatures vanquished.

Notes
Turn   | Place    | Note
-------+----------+-------------------------------------------
     0 | D:1      | Curundu the Minotaur Berserker began the quest for the Orb.
     0 | D:1      | Reached XP level 1. HP: 19/19 MP: 0/0
   169 | D:1      | Reached XP level 2. HP: 27/27 MP: 1/1
  1102 | D:2      | Reached XP level 3. HP: 25/34 MP: 2/2
  1211 | D:2      | Found a faded altar of an unknown god.
  1213 | D:2      | Reached ** piety under Trog
  1618 | D:2      | Noticed Terence
  1643 | D:2      | Slain by Terence

Illustrated notes

Levels and vault maps discovered:
D:1:      onia_arrival_mini_spirals, layout_basic, hex_medium
D:2:      layout_basic, basic_ecumenical_altar, st_stairs_9, nicolae_the_louvre,
          uniq_terence

Skill      XL: |  1  2 |
---------------+-------+-----
Fighting       | 4 |  4.5
Axes           | 4 |  4.2
Armour         | |  2.7
Dodging        | |  2.7

Action                     || total
---------------------------++-------
  Melee: War axe           ||    68
         Hand axe          ||     2
         Headbutt          ||     7
    Use: Scroll            ||     3
 Armour: Animal skin       ||    44
         Skin              ||     8
  Dodge: Dodged            ||    64
  Block: Kite shield       ||     9
